 Dungeon Crawl Stone Soup version 0.23.0 (webtiles) character file.

Game seed: 7354322983073925436

2565 Blackhawk the Agent of Entropy (level 9, -4/70 HPs)
             Began as a Demonspawn Abyssal Knight on Feb 9, 2019.
             Was a Priest of Lugonu.
             Splashed by a jelly's acid (5 damage)
             ... on level 6 of the Dungeon.
             The game lasted 00:09:34 (7120 turns).

Blackhawk the Agent of Entropy (DsAK)               Turns: 7120, Time: 00:09:34

Health: -4/70      AC:  7    Str: 17    XL:     9   Next: 31%
Magic:  0/16       EV:  8    Int: 13    God:    Lugonu [***...]
Gold:   396        SH:  0    Dex: 12    Spells: 8/8 levels left

rFire    . . .     SeeInvis .   f - +2 long sword (elec)
rCold    . . .     Gourm    .   (no shield)
rNeg     . . .     Faith    .   r - +0 chain mail
rPois    .         Spirit   +   (helmet restricted)
rElec    .         Reflect  .   F - +0 cloak
rCorr    .         Harm     .   (no gloves)
MR       .....                  (no boots)
Stlth    ..........             o - amulet of guardian spirit
HPRegen  0.21/turn              (no ring)
MPRegen  0.15/turn              (no ring)

@: corroded
A: antennae 1, claws 2, hooves 2, powered by death 1
a: Depart the Abyss, Bend Space, Banish, Renounce Religion


You were on level 6 of the Dungeon.
You worshipped Lugonu.
Lugonu was most pleased with you.
You were very hungry.

You visited 1 branch of the dungeon, and saw 6 of its levels.
You visited the Abyss 1 time.

You collected 396 gold pieces.

Inventory:

Hand Weapons
 a - a +1 hand axe
 f - a +2 long sword of electrocution (weapon)
 C - a +1 hand axe of venom
Missiles
 l - 6 tomahawks (quivered)
Armour
 b - a +0 leather armour
 e - a +0 helmet
 r - a +0 chain mail (worn)
 F - a +0 cloak (worn)
Jewellery
 m - an uncursed ring of magical power {unknown}
 o - an amulet of guardian spirit (around neck)
Wands
 d - a wand of flame (6)
 D - a wand of polymorph (10)
 G - a wand of acid (6)
 H - a wand of scattershot (7)
Scrolls
 g - 6 scrolls of remove curse {unknown}
 h - a scroll of immolation {unknown}
 i - 11 scrolls of identify {unknown}
 j - 2 scrolls of enchant armour {unknown}
 k - 4 scrolls of enchant weapon {unknown}
 p - 2 scrolls of amnesia {unknown}
 q - 2 scrolls of random uselessness {unknown}
 s - a scroll of fear {unknown}
 t - 2 scrolls of teleportation {unknown}
 y - a scroll of fog {unknown}
 z - 2 scrolls of blinking {unknown}
 E - a scroll of noise {unknown}
Potions
 u - a potion of resistance
 v - 2 potions of agility {unknown}
 w - 2 potions of might {unknown}
 x - 2 potions of ambrosia {unknown}
 A - a potion of berserk rage {unknown}
 B - 3 potions of curing
 I - a potion of cancellation {unknown}
 J - a potion of degeneration {unknown}
Comestibles
 c - 11 rations


   Skills:
 + Level 6.3 Fighting
 + Level 4.9 Long Blades
 - Level 1.8 Axes
 + Level 5.3 Armour
 - Level 3.5 Dodging
 * Level 9.7 Invocations


You had 8 spell levels left.
You didn't know any spells.
Your spell library was empty.

Dungeon Overview and Level Annotations

Branches:
Dungeon (6/15)             Temple (0/1) D:4

Altars:
Sif Muna


Innate Abilities, Weirdness & Mutations

You have a pair of small antennae on your head.
You have very sharp fingernails.
You have hoof-like feet.
You regenerate a little health from kills.


Message History

You slash something! You kick something. Something hits you.
* * * LOW HITPOINT WARNING * * *
Something shocks you.
* * * LOW HITPOINT WARNING * * *
You are feeling very hungry.
You barely miss something. You kick something. Lugonu accepts your kill.
Reactivating autopickup.
You feel a bit more experienced.
You hit the jelly. The acid corrodes you!
Your claws burn!
* * * LOW HITPOINT WARNING * * *
You kick the jelly, but do no damage.
The jelly is heavily wounded.
The jelly hits you.
* * * LOW HITPOINT WARNING * * *
You are splashed with acid!
* * * LOW HITPOINT WARNING * * *
The jelly hits you but does no damage.
You hit the jelly.
Your claws burn!
You die...

#................#
##.#############.#
#.# #.#
#.#############.#
#.............#.#
#######.....#.#.#
#.###.#.#.#
#.#<#.#.#.#
#.#@#.#.#.#####
#.#J#.>.......##
#.#.#...#.###.[#
#.#.#...#.# ##)##
#.#.#...#≈####..####
#.#.................
#.......#.....#.####
#.......#.....+.....
#......##.....##.###


You could see a jelly.

Vanquished Creatures
  Pikel (D:6)
  Prince Ribbit (D:6)
  Grinder (D:6)
  Sigmund (D:2)
  A water moccasin (D:6)
  A slave (D:6)
  A sky beast (D:6)
  An ice beast (D:6)
  An orc warrior (D:6)
  3 ogres (D:4)
  Blork the orc (D:5)
  A bullfrog (D:6)
  2 scorpions
  A crimson imp (D:5)
  2 hounds
  A centaur skeleton (D:4)
  An orc priest (D:3)
  3 orc wizards
  A bullfrog skeleton (D:5)
  3 iguanas
  Ijyb (D:4)
  2 worker ants
  A howler monkey zombie (D:5)
  A worker ant zombie (D:5)
  6 gnolls
  13 adders
  2 shadow imps (D:5)
  An ooze (D:1)
  2 worms
  3 leopard geckos
  16 orcs
  2 ball pythons
  5 bats
  4 giant cockroaches
  5 goblins
  4 hobgoblins
  8 jackals
  8 quokkas
  3 frilled lizards
  13 kobolds
  11 rats
139 creatures vanquished.

Vanquished Creatures (others)
  An orc priest (D:6)
  2 orcs (D:6)
3 creatures vanquished.

Grand Total: 142 creatures vanquished

Notes
Turn   | Place    | Note
-------+----------+-------------------------------------------
     0 | Abyss:1  | Blackhawk the Demonspawn Abyssal Knight began the quest for
                  | the Orb.
     0 | Abyss:1  | Reached XP level 1. HP: 18/18 MP: 2/2
    32 | Abyss:1  | Noticed a silent spectre
    92 | Abyss:2  | Noticed a small abomination
    94 | D:1      | Escaped the Abyss
   446 | D:1      | Reached skill level 1 in Dodging
   488 | D:1      | Reached * piety under Lugonu
   550 | D:1      | Gained mutation: You have sharp fingernails. [demonic
                  | ancestry]
   550 | D:1      | Reached XP level 2. HP: 13/24 MP: 4/4
  1506 | D:2      | Reached skill level 3 in Invocations
  1506 | D:2      | Gained mutation: You have large cloven feet. [demonic
                  | ancestry]
  1506 | D:2      | Reached XP level 3. HP: 27/29 MP: 3/5
  1761 | D:2      | Reached skill level 1 in Long Blades
  1951 | D:2      | Noticed Sigmund
  1959 | D:2      | Killed Sigmund
  1959 | D:2      | Reached skill level 4 in Invocations
  1959 | D:2      | Reached XP level 4. HP: 37/37 MP: 4/7
  1959 | D:2      | Gained mutation: You have a pair of small antennae on your
                  | head. [demonic ancestry]
  1959 | D:2      | Reached XP level 5. HP: 42/42 MP: 4/8
  2402 | D:3      | Reached XP level 6. HP: 44/48 MP: 7/9
  2443 | D:3      | Reached ** piety under Lugonu
  4436 | D:4      | Found a staircase to the Ecumenical Temple.
  4464 | D:4      | Gained mutation: You regenerate a little health from kills.
                  | [demonic ancestry]
  4464 | D:4      | Reached XP level 7. HP: 54/55 MP: 8/10
  4535 | D:4      | Noticed Ijyb
  4745 | D:4      | Killed Ijyb
  4745 | D:4      | Reached skill level 5 in Invocations
  5139 | D:4      | Reached skill level 6 in Invocations
  5220 | D:4      | Reached *** piety under Lugonu
  5433 | D:5      | Entered Level 5 of the Dungeon
  5495 | D:5      | Reached skill level 5 in Fighting
  5495 | D:5      | Gained mutation: You have hoof-like feet. [demonic
                  | ancestry]
  5495 | D:5      | Reached XP level 8. HP: 52/62 MP: 9/12
  5548 | D:5      | Noticed Blork the orc
  5553 | D:5      | Killed Blork the orc
  5561 | D:5      | Reached skill level 7 in Invocations
  6053 | D:5      | Found a deep blue altar of Sif Muna.
  6172 | D:6      | Noticed Grinder
  6181 | D:6      | Killed Grinder
  6225 | D:6      | Reached skill level 8 in Invocations
  6289 | D:6      | Noticed Prince Ribbit
  6299 | D:6      | Killed Prince Ribbit
  6882 | D:6      | Reached skill level 5 in Armour
  6882 | D:6      | Gained mutation: You have very sharp fingernails. [demonic
                  | ancestry]
  6882 | D:6      | Reached XP level 9. HP: 61/69 MP: 12/15
  6884 | D:6      | Reached skill level 9 in Invocations
  7024 | D:6      | Noticed Pikel
  7064 | D:6      | Killed Pikel
  7119 | D:6      | HP: 1/70 [acid (5)]
  7120 | D:6      | Splashed by a jelly's acid

Skill      XL: |  1  2  3  4  5  6  7  8  9 |
---------------+----------------------------+-----
Dodging        | 1 2 3 |  3.5
Armour         | 2 3 4 5 |  5.3
Invocations    | 3 4 6 8 9 |  9.7
Long Blades    | 1 2 3 4 |  4.9
Fighting       | 4 5 6 |  6.3
Axes           | |  1.8

Action                   |  1- 3 |  4- 6 |  7- 9 || total
-------------------------+-------+-------+-------++-------
Melee: Long sword        |    53 |   127 |   172 ||   352
       Hand axe          |     5 |       |       ||     5
       Kick              |     9 |    22 |    67 ||    98
Invok: Depart the Abyss  |     1 |       |       ||     1
  Use: Potion            |     3 |       |     4 ||     7
 Stab: Invisible         |     2 |       |       ||     2
  Eat: Chunk             |     3 |     8 |     8 ||    19
Armor: Leather armour    |    10 |    29 |    31 ||    70
       Chain mail        |       |       |     8 ||     8
Dodge: Dodged            |    48 |    76 |   111 ||   235
       Rpst.: Long sword |    18 |    25 |    35 ||    78
